 Dungeon Crawl Stone Soup version 0.29.1-12-g30fa7ad0bf (webtiles) character file.

Game seed: 10693021561591187257

161 Grohoret the Shield-Bearer (level 6, 0/52 HPs)
             Began as a Meteoran Fighter on Jan 2, 2023.
             Was an Initiate of the Shining One.
             Slain by an orc
             ... wielding a +0 dagger
              (3 damage)
             ... on level 3 of the Dungeon.
             The game lasted 00:05:30 (1511 turns).

Grohoret the Shield-Bearer (Meteoran Fighter)       Turns: 1511, Time: 00:05:31

Health: 0/52       AC: 10    Str: 20    XL:     6   Next: 1%
Magic:  7/7        EV:  9    Int:  9    God:    the Shining One [......]
Gold:   71         SH:  5    Dex: 14    Spells: 5/5 levels left

rFire   + . .      SeeInvis .   a - +0 war axe
rCold   . . .      Faith    .   c - +0 buckler
rNeg    . . .      Spirit   .   b - +0 scale mail
rPois   .          Reflect  .   k - +2 helmet
rElec   .          Harm     .   (no cloak)
rCorr   .          Rampage  .   (no gloves)
Will    .....                   (no boots)
Stlth   ..........              (no amulet)
HPRegen 0.17/turn               e - ring of protection from fire
MPRegen 0.10/turn               (no ring)

@: flying, glowing
A: sense surroundings 1, otherworldly, glowing, explore regen, claws 1
a: Renounce Religion


You were on level 3 of the Dungeon.
You worshipped the Shining One.
The Shining One was noncommittal.
You visited 1 branch of the dungeon, and saw 3 of its levels.

You collected 71 gold pieces.

Inventory:

Hand Weapons
 a - a +0 war axe (weapon)
Armour
 b - a +0 scale mail (worn)
 c - a +0 buckler (worn)
 k - a +2 helmet (worn)
Jewellery
 e - a ring of protection from fire (left claw)
Wands
 i - a wand of mindburst (11)
Scrolls
 j - a scroll of vulnerability
Potions
 d - a potion of curing
 g - a potion of flight


   Skills:
 + Level 4.0 Fighting
 * Level 4.2 Axes
 + Level 4.3 Armour
 * Level 5.1 Shields


You had 5 spell levels left.
You didn't know any spells.
Your spell library was empty.

Dungeon Overview and Level Annotations

Branches:
Dungeon (3/15) Zot: 230

Altars:
The Shining One

Annotations:
D:3 2 runed translucent doors


Innate Abilities, Weirdness & Mutations

You passively map a small area around you.
You are easily found by Zot.
You glow in the dark.
You regain HP and MP as you explore.
You have sharp fingernails.


Message History

You open the large door. 2 orc priests, a gnoll sergeant, 5 orcs and 3 gnolls come into view.
An orc is wielding a +0 vorpal war axe.
The orc shouts! x2; The orc priest shouts!
The orc shouts!
The gnoll shouts!
The orc shouts!
The orc priest shouts!
The gnoll sergeant shouts!
The orc shouts!
The gnoll shouts!
You hear a shout! x3
The orc priest invokes the aid of Beogh against you.
Beogh smites you!
A gnoll comes into view. It is wielding a +2 vorpal spear.
You hear a shout!
Found a scroll labelled YTURCH NETONG and 6 stones.
Okay, then.
It was a potion of flight.
You feel very buoyant.
You fly up into the air.
The orc priest invokes the aid of Beogh against you.
Beogh smites you!
* * * LOW HITPOINT WARNING * * *
It was a potion of mutation.
You feel extremely strange.
Iridescent scales grow over part of your body.
Your iridescent scales disappear.
Your fingernails lengthen.
The orc hits you but does no damage. The orc closely misses you.
The gnoll hits you but does no damage.
As you read the scroll labelled KOCAMU LYHUNEGEN, it crumbles to dust.
You feel aware of your surroundings.
You sensed 3 altars.
It was a scroll of magic mapping.
The orc barely misses you. x2
The orc hits you but does no damage.
The gnoll hits you from afar with a +2 vorpal spear.
* * * LOW HITPOINT WARNING * * *
x2 Unknown command.
The orc attacks as you move away! The orc hits you with a +0 dagger.
* * * LOW HITPOINT WARNING * * *
The orc priest looks encouraged for a moment.
A gnoll comes into view. It is wielding a +0 spear.
There is a huge open gate here.
As you read the scroll labelled YTURCH NETONG, it crumbles to dust.
It is a scroll of identify.
j - a scroll of vulnerability The orc hits you with a +0 dagger.
You die...

#.....# *******,, ####.## *,,
********#######.###########****,,
,,,,,,,,...................,,,,,,
~~~~~~~~~~≈~~~....~≈~~~≈~≈~~~~~~~
~~~~~~~~≈~≈≈~≈....~≈≈≈≈≈≈≈≈~~~~~~
**~~~~~~≈~~~~~....~≈~~~~≈~~~~~***
,*,,,,,,...................,,,*,,
,*******######''@'#########****,,
+*,,,,,******#.ooo#######,,*,,*+*
,*,,,,,+,,,,,+g.g.'.....+,,+,,*,*
,*,,,,,******#gog.#######,,*,,*,*
,************##go##************,*
,+,,,,+,,,,,,...oo,,,,,,,+,,,,+,*
,+,,,,+,,,,......g.,,,,,,+,,,,+,*
,******,,.......?...,,,,,******,*
,*,,,,*,,..(.........,,,,*,,,,*,*


You could see a gnoll sergeant, 2 orc priests, 5 gnolls and 5 orcs.

Vanquished Creatures
  An orc wizard (D:3)
  Robin (D:2)
  2 gnolls (D:3)
  3 adders
  A worm (D:3)
  7 orcs
  4 endoplasms
  A giant cockroach (D:2)
  13 goblins
  5 hobgoblins
  7 jackals
  10 ball pythons
  5 bats
  4 kobolds
  5 rats
69 creatures vanquished.

Notes
Turn   | Place    | Note
-------+----------+-------------------------------------------
     0 | D:1      | Grohoret the Meteoran Fighter began the quest for the Orb.
     0 | D:1      | Reached XP level 1. HP: 19/19 MP: 2/2
   174 | D:1      | Reached XP level 2. HP: 26/26 MP: 3/3
   257 | D:1      | Reached skill level 4 in Shields
   367 | D:1      | Reached XP level 3. HP: 31/31 MP: 4/4
   478 | D:1      | Glimpsed the power of Zot.
   649 | D:2      | Reached XP level 4. HP: 13/39 MP: 5/5
   917 | D:2      | Noticed Robin
   938 | D:2      | Killed Robin
   939 | D:2      | Reached XP level 5. HP: 8/46 MP: 6/6
  1059 | D:2      | Glimpsed the power of Zot.
  1109 | D:2      | Glimpsed the power of Zot.
  1144 | D:3      | Found a large runed translucent door.
  1145 | D:3      | Found a large runed translucent door.
  1276 | D:3      | Found a glowing golden altar of the Shining One.
  1319 | D:3      | Became a worshipper of the Shining One
  1468 | D:3      | Reached skill level 5 in Shields
  1481 | D:3      | Reached XP level 6. HP: 14/52 MP: 7/7
  1508 | D:3      | Gained mutation: You are partially covered in iridescent
                  | scales. (AC +2) [potion of mutation]
  1508 | D:3      | Lost mutation: You are partially covered in iridescent
                  | scales. (AC +2) [potion of mutation]
  1508 | D:3      | Gained mutation: You have sharp fingernails. [potion of
                  | mutation]
  1510 | D:3      | HP: 2/52 [orc/+0 dagger (1)]
  1511 | D:3      | Slain by an orc

Illustrated notes

Levels and vault maps discovered:
D:1:      minmay_arrival_four_loops, layout_basic, minmay_misc_feat_columns
D:2:      layout_basic, uniq_robin
D:3:      lemuel_castle_with_subvaults [lemuel_castle_interior_original],
          layout_basic, fedhas_altar_fruit_tree, jmf_multi_god_temple2,
          tso_metal_star, minmay_crystal_room,
          nicolae_concentric_dashed_squares_wild, uniq_jessica, uniq_grinder

Skill      XL: |  1  2  3  4  5 |
---------------+----------------+-----
Shields        | 4 5 |  5.1
Axes           | 3 4 |  4.2
Armour         | 4 |  4.3
Fighting       | 4 |  4.0

Action                   |  1- 3 |  4- 6 || total
-------------------------+-------+-------++-------
Melee: War axe           |    76 |    84 ||   160
  Use: Potion            |       |     6 ||     6
       Scroll            |       |     2 ||     2
Armor: Scale mail        |    48 |    65 ||   113
Dodge: Dodged            |    35 |    49 ||    84
Block: Buckler           |    23 |    30 ||    53
